 Dungeon Crawl Stone Soup version 0.31-a0-1068-g5939ac1 (webtiles) character file.

Game seed: 11166041741638318904

305 ritt the Conjurer (level 6, -6/32 HPs)
             Began as a Deep Elf Conjurer on Nov 23, 2023.
             Was an Initiate of Sif Muna.
             Shot with an arrow by a centaur (16 damage)
             ... on level 5 of the Dungeon.
             The game lasted 00:08:13 (3319 turns).

ritt the Conjurer (Deep Elf Conjurer)               Turns: 3319, Time: 00:08:14

Health: -6/32      AC:  2    Str:  4    XL:     6   Next: 16%
Magic:  7/15       EV: 12    Int: 25    God:    Sif Muna [......]
Gold:   139        SH:  0    Dex: 13    Spells: 4/15 levels left

rFire   + . .        c - +2 dagger (elec)
rCold   . . .        (no shield)
rNeg    . . .        a - +0 robe
rPois   .            (no helmet)
rElec   .            (no cloak)
rCorr   .            (no gloves)
SInv    .            (no boots)
Will    +....        (no amulet)
Stlth   ++           d - ring of willpower
HPRegen 0.25/turn    f - ring of protection from fire
MPRegen 0.14/turn

%: no passive effects
@: very slightly contaminated
A: no striking features
a: Renounce Religion


You were on level 5 of the Dungeon.
You worshipped Sif Muna.
Sif Muna was noncommittal.
You visited 2 branches of the dungeon, and saw 6 of its levels.

You collected 139 gold pieces.

Inventory:

Hand Weapons
 c - a +2 dagger of electrocution (weapon)
 j - the +8 spear of Royalism {protect, rC+ Str+2}
   (You found it on level 3 of the Dungeon)

   Str+2:     It affects your strength (+2).
   rC+:       It protects you from cold.
Armour
 a - a +0 robe (worn)
Jewellery
 d - a ring of willpower (left hand)
 f - a ring of protection from fire (right hand)
Wands
 F - a wand of iceblast (4)
Scrolls
 e - a scroll of poison {unknown}
 h - a scroll of enchant weapon {unknown}
 i - 3 scrolls of vulnerability {unknown}
 t - a scroll of teleportation {!d}
Potions
 b - a potion of enlightenment {unknown}
 B - a potion of ambrosia {!q!d}
 J - a potion of magic {!q!d}
 K - a potion of brilliance {!q!d}
 L - 2 potions of resistance {!q!d}


   Skills:
 - Level 2.4 Dodging
 - Level 2.4 Stealth
 - Level 5.0 Spellcasting
 + Level 6.5 Conjurations
 + Level 3.9 Hexes


You had 4 spell levels left.
You knew the following spells:

 Your Spells              Type           Power      Damage    Failure   Level
a - Magic Dart            Conj           100%       1d8       1%          1
c - Iskenderun's Mystic   Conj/Tloc      22%        2d6       22%         4
d - Searing Ray           Conj           78%        2d7       1%          2
w - Fulminant Prism       Conj/Hex       16%        3d10      10%         4

Your spell library contained the following spells:

 Spells                   Type           Power      Damage    Failure   Level
 Dazzling Flash           Conj/Hex       64%        N/A       2%          3


Dungeon Overview and Level Annotations

Branches:
Dungeon (5/15) Zot: 26230  Temple (1/1) D:4 Zot: 5971

Altars:
Ashenzari
Cheibriados
Elyvilon
Fedhas
Gozag
Hepliaklqana
Makhleb
Nemelex Xobeh
Okawaru
Ru
Sif Muna
Trog
Uskayaw
Vehumet
Yredelemnul
The Shining One

Annotations:
D:4 Pikel, Sigmund


Message History

What are your orders? t - Shout!
Orders for allies: a - Attack new target. r - Retreat! s - Stop attacking. g - Guard the area. f - Follow me.
Anything else - Cancel.
You shout for attention!
You hear a shout!
The centaur shoots an arrow.
The arrow hits you.
You take 4 damage, and have 28/32 hp.
The centaur shoots an arrow.
The arrow hits you!
You take 10 damage, and have 18/32 hp.
Okay, then.
Casting: Searing Ray (safe; 1% risk of failure)
Confirm with . or Enter, or press ? or * to list all spells.
The spell is quite dangerous to miscast (10% risk of failure)!
Continue anyway?
Aiming: Fulminant Prism (quite dangerous; 10% risk of failure)
Press: ? - help, Dir - move target You miscast Fulminant Prism.
You are very lightly contaminated with residual magic.
Nothing appears to happen.
Casting: Fulminant Prism (quite dangerous; 10% risk of failure)
Confirm with . or Enter, or press ? or * to list all spells.
The spell is quite dangerous to miscast (10% risk of failure)!
Continue anyway?
Aiming: Fulminant Prism (quite dangerous; 10% risk of failure)
Press: ? - help, Dir - move target You conjure a prism of explosive energy!
A fulminant prism comes into view.
Your fulminant prism crackles loudly.
Something hits your fulminant prism. Something kicks your fulminant prism.
Something hits your fulminant prism.
Your fulminant prism explodes!
Aiming: Iceblast
Press: ? - help, Shift-Dir - straight line, f - centaur
Aim: a centaur (severely wounded)
The mass of ice explodes!
The iceblast engulfs the centaur.
The centaur is almost dead.
The centaur wields a +0 shortbow.
The centaur shoots an arrow.
The arrow hits you!
The centaur shoots an arrow.
The arrow hits you!
Ouch! That really hurt!
You die...

.'.....'..'........#
#........
.#.....####...c....#
#####....
.'...........#'#####
#.###
###########.#.#
########.# #.....#.#
#.....##.# #.###.#.#
#.###.##.# #.# ###.#
#.# #.##.# #<#
#c#######.# #.##.#
#.# #..@......#
#....# #.#
########### ######
###


You could see a centaur.

Vanquished Creatures
  A scorpion (D:5)
  2 hounds (D:5)
  A jelly (D:5)
  An orc priest (D:4)
  A sleepcap (D:5)
  3 adders
  2 worms (D:3)
  3 dart slugs
  3 bats
  4 endoplasms
  5 giant cockroaches
  6 goblins
  2 hobgoblins (D:3)
  8 jackals
  4 quokkas
  4 ball pythons
  4 frilled lizards
  6 kobolds
  3 rats
63 creatures vanquished.

Vanquished Creatures (others)
  A fulminant prism (D:5)
1 creature vanquished.

Grand Total: 64 creatures vanquished

Notes
Turn   | Place    | Note
-------+----------+-------------------------------------------
     0 | D:1      | ritt the Deep Elf Conjurer began the quest for the Orb.
     0 | D:1      | Reached XP level 1. HP: 10/10 MP: 6/6
   216 | D:1      | You fall into a shaft and drop 1 floor!
   228 | D:2      | Reached XP level 2. HP: 11/15 MP: 3/8
   232 | D:2      | Learned a level 2 spell: Searing Ray
   716 | D:1      | Found a faded altar of an unknown god.
   729 | D:1      | Reached skill level 5 in Conjurations
   729 | D:1      | Reached XP level 3. HP: 19/19 MP: 8/10
   937 | D:2      | Found a white marble altar of Elyvilon.
  1751 | D:3      | Reached XP level 4. HP: 24/24 MP: 7/12
  1767 | D:3      | Learned a level 4 spell: Fulminant Prism
  1772 | D:3      | Learned a level 4 spell: Iskenderun's Mystic Blast
  1846 | D:3      | Identified the +8 spear of Royalism {protect, rC+ Str+2}
  2220 | D:4      | Found a staircase to the Ecumenical Temple.
  2247 | Temple   | Entered the Ecumenical Temple
  2261 | Temple   | Became a worshipper of Sif Muna the Loreminder
  2293 | D:4      | Noticed a lemure
  2318 | D:4      | Noticed Pikel
  2384 | D:4      | Noticed Sigmund
  2447 | D:4      | Noticed a lemure
  2550 | D:5      | Entered Level 5 of the Dungeon
  2578 | D:5      | Noticed a centaur
  2834 | D:5      | Reached XP level 5. HP: 28/28 MP: 4/14
  3015 | D:5      | Reached skill level 6 in Conjurations
  3120 | D:5      | Reached XP level 6. HP: 32/32 MP: 11/15
  3319 | D:5      | Shot with an arrow by a centaur

Illustrated notes

Levels and vault maps discovered:
D:1:      eino_arrival_tree_alley, layout_loops_cross,
          shapermc_ecumenical_altar_mp_vishouse, minmay_crystal_water
D:2:      layout_rooms, basic_altar, minivault_27, chequers_big_river
D:3:      layout_basic
D:4:      layout_rooms, lemuel_coloured_pillars_altar,
          minmay_temple_entry_proselytizer, gammafunk_ghost_nasty_kobolds,
          uniq_pikel, uniq_grinder, uniq_crazy_yiuf_cottage, uniq_sigmund
D:5:      layout_basic, nicolae_sextant
Temple:   compressed_dpeg_triangle_lava_temple

Skill      XL: |  1  2  3  4  5 |
---------------+----------------+-----
Spellcasting   | 4 5 |  5.0
Conjurations   | 5 6 |  6.5
Hexes          | 2 3 |  3.9
Dodging        | |  2.4
Stealth        | |  2.4

Action                     |  1- 3 |  4- 6 || total
---------------------------+-------+-------++-------
  Melee: Dagger            |     4 |       ||     4
   Cast: Magic Dart        |    68 |    31 ||    99
         Searing Ray       |     4 |    10 ||    14
         Fulminant Prism   |       |     1 ||     1
  Evoke: Wand              |       |     1 ||     1
    Use: Scroll            |       |     7 ||     7
         Potion            |       |     1 ||     1
 Armour: Robe              |     5 |     7 ||    12
  Dodge: Dodged            |     6 |     2 ||     8

Table legend: (Time is in decaauts)
 A = Elapsed time spent in this place.
 B = Non-inter-level travel time spent in this place.
 C = Inter-level travel time spent in this place.
 D = Time resting spent in this place.
 E = Time spent auto-exploring this place.
 F = Levels seen in this place.
 G = Mean time per level.
                   A        B        C        D        E       F      G
               +--------+--------+--------+--------+--------+-----+--------+
         Total |   3328 |   2539 |    789 |    506 |   1647 |   6 |  554.7 |
       Dungeon |   3300 |   2538 |    762 |    506 |   1647 |   5 |  660.0 |
        Temple |     28 |      1 |     27 |      0 |      0 |   1 |   28.0 |
               +--------+--------+--------+--------+--------+-----+--------+

Top non-repeatable levels by time:
     D:3: 879 daAuts
     D:1: 804 daAuts
     D:5: 768 daAuts
     D:2: 693 daAuts
     D:4: 154 daAuts
  Temple: 28 daAuts
